 Dungeon Crawl Stone Soup version 0.29.0-11-gd7f09526c8 (webtiles) character file.

Game seed: 1378852231013674117

721 pacmanke6689 the Covered (level 8, -3/61 HPs)
             Began as a Formicid Fighter on Sept 6, 2022.
             Was an Initiate of Okawaru.
             Slain by an ogre
             ... wielding a +0 giant club
              (14 damage)
             ... on level 5 of the Dungeon.
             The game lasted 00:12:11 (5113 turns).

pacmanke6689 the Covered (Formicid Fighter)         Turns: 5113, Time: 00:12:12

Health: -3/61      AC:  7    Str: 21    XL:     8   Next: 2%
Magic:  12/12      EV:  9    Int:  8    God:    Okawaru [......]
Gold:   208        SH:  5    Dex: 15    Spells: 9/12 levels left

rFire   . . .      SeeInvis +   a - +1 trident
rCold   . . .      Faith    .   c - +0 buckler
rNeg    . . .      Spirit   .   b - +0 scale mail
rPois   .          Reflect  .   (helmet unavailable)
rElec   .          Harm     .   (no cloak)
rCorr   .          Rampage  .   (no gloves)
Will    .....                   (boots currently unavailable)
Stlth   ..........              (no amulet)
HPRegen 0.20/turn               (no ring)
MPRegen 0.13/turn               (no ring)

@: appendages (expiring)
A: talons 2, permanent stasis, dig shafts and tunnels, antennae 3, four strong
arms
a: Dig, Shaft Self, End Transformation, Renounce Religion


You were on level 5 of the Dungeon.
You worshipped Okawaru.
Okawaru was noncommittal.
You had temporarily grown beastly talons.
You visited 1 branch of the dungeon, and saw 5 of its levels.

You collected 208 gold pieces.

Inventory:

Hand Weapons
 a - a +1 trident (weapon)
Armour
 b - a +0 scale mail (worn)
 c - a +0 buckler (worn)
 e - a +1 leather armour of willpower
 q - a +1 pair of boots (melded)
Jewellery
 r - a +6 ring of intelligence
Wands
 d - a wand of light (5)
Scrolls
 f - a scroll of amnesia
 l - a scroll of fear {unknown}
Potions
 g - a potion of attraction {unknown}
 h - 2 potions of curing
 i - 2 potions of flight {unknown}
 j - a potion of heal wounds {unknown}
 k - a potion of degeneration {unknown}
 o - a potion of invisibility {unknown}


   Skills:
 + Level 4.6 Fighting
 + Level 5.1 Polearms
 + Level 5.1 Armour
 + Level 0.8 Stealth
 + Level 5.0 Shields
 + Level 2.8 Spellcasting
 + Level 2.4 Transmutations


You had 9 spell levels left.
You knew the following spells:

 Your Spells              Type           Power      Damage    Failure   Level
a - Beastly Appendage     Tmut           10%        N/A       36%         1
b - Wereblood             Tmut           5%         N/A       50%         2

Your spell library contained the following spells:

 Spells                   Type           Power      Damage    Failure   Level
 Spider Form              Tmut/Pois      3%         N/A       88%         3


Dungeon Overview and Level Annotations

Branches:
Dungeon (5/15)
 Temple: D:4-7

Altars:
Cheibriados
Dithmenos
Elyvilon
Hepliaklqana
Nemelex Xobeh
Okawaru
Qazlal
Wu Jian
Zin

Shops:
D:3 (


Innate Abilities, Weirdness & Mutations

You have temporarily grown beastly talons.
You cannot be hasted, slowed, berserked, paralysed or teleported.
You can dig through walls and to a lower floor.
You have a pair of large antennae on your head. (SInv)
Your four strong arms can wield two-handed weapons with a shield.


Message History

Okay, then.
Okay, then.
Casting: Beastly Appendage (safe; 36% risk of failure)
Confirm with . or Enter, or press ? or * to list all spells.
Your feet morph into talons.
Your +1 pair of boots melds into your body.
You block the ogre's attack. The black bear bites you.
You block the black bear's attack. The black bear claws you.
You hit the black bear.
You claw the black bear, but do no damage.
The black bear is moderately wounded.
Your transformation is almost over.
The ogre hits you with a +0 giant club! The black bear bites you.
* * * LOW HITPOINT WARNING * * *
The black bear claws you but does no damage.
The black bear closely misses you.
An orc wizard comes into view. It is wielding a +0 dagger.
The orc wizard shouts!
You puncture the ogre!
The ogre is moderately wounded.
The black bear misses you.
The black bear claws you but does no damage.
The black bear barely misses you.
You puncture the ogre! You claw the ogre.
The ogre is severely wounded.
The ogre hits you with a +0 giant club.
* * * LOW HITPOINT WARNING * * *
The orc wizard hits you with a +0 dagger.
* * * LOW HITPOINT WARNING * * *
The black bear bites you but does no damage.
The black bear barely misses you.
The black bear claws you but does no damage.
An orc comes into view. It is wielding a +0 war axe.
The ogre closely misses you.
Found a glaive.
The ogre attacks as you move away! You block the ogre's attack.
You hit the ogre. Your kick misses the ogre.
The ogre is almost dead.
The ogre hits you with a +0 giant club!
You die...

##### #### #...#
...)# #...# ##...
#...# ...
############..o##.#
#..........#.h.O@.#
#.........oo..#####
#........oo####
....######.# { .
#..# { ...## ..o##
#.#. {#{o{


You could see a black bear, an ogre, 3 orc wizards and 2 orcs.

Vanquished Creatures
  Grinder (D:3)
  Duvessa (D:4)
  A phantom (D:4)
  2 scorpions
  Dowan (D:4)
  A howler monkey (D:4)
  A jelly (D:4)
  Ijyb (D:3)
  2 adders
  2 worms
  7 orcs
  5 endoplasms
  4 giant cockroaches
  8 goblins
  2 hobgoblins
  5 jackals
  7 kobolds
  2 quokkas
  4 ball pythons
  3 bats
  2 frilled lizards
  8 rats
70 creatures vanquished.

Vanquished Creatures (others)
  A ball python (D:3)
1 creature vanquished.

Grand Total: 71 creatures vanquished

Notes
Turn   | Place    | Note
-------+----------+-------------------------------------------
     0 | D:1      | pacmanke6689 the Formicid Fighter began the quest for the
                  | Orb.
     0 | D:1      | Reached XP level 1. HP: 18/18 MP: 1/1
    38 | D:1      | You fall into a shaft and drop 1 floor!
   178 | D:1      | Reached XP level 2. HP: 24/24 MP: 2/2
   708 | D:1      | Reached XP level 3. HP: 29/30 MP: 3/3
  1474 | D:2      | Learned a level 1 spell: Beastly Appendage
  1539 | D:2      | Found a faded altar of an unknown god.
  2358 | D:2      | Reached XP level 4. HP: 32/37 MP: 4/4
  2453 | D:3      | Noticed Grinder
  2476 | D:3      | HP: 1/37 [Grinder (6)]
  2477 | D:3      | Killed Grinder
  2478 | D:3      | Reached XP level 5. HP: 1/42 MP: 4/8
  2478 | D:3      | Reached XP level 6. HP: 1/48 MP: 4/9
  2798 | D:3      | Noticed Ijyb
  2812 | D:3      | Killed Ijyb
  3172 | D:3      | Found Heguinech's Antique Weapon Shop.
  3379 | D:3      | Found a white marble altar of Elyvilon.
  3380 | D:3      | Found an ornate altar of the Wu Jian Council.
  3381 | D:3      | Found a shadowy altar of Dithmenos.
  3382 | D:3      | Found a stormy altar of Qazlal.
  3653 | D:4      | Noticed Duvessa
  3654 | D:4      | Noticed Dowan
  3889 | D:4      | Found a sparkling altar of Nemelex Xobeh.
  4039 | D:4      | Found an iron altar of Okawaru.
  4075 | D:4      | Reached XP level 7. HP: 35/54 MP: 8/10
  4100 | D:4      | Became a worshipper of Warmaster Okawaru
  4200 | D:4      | Found a snail-covered altar of Cheibriados.
  4372 | D:4      | Killed Duvessa
  4390 | D:4      | Killed Dowan
  4563 | D:4      | Found a hazy altar of Hepliaklqana.
  4734 | D:4      | Found a glowing silver altar of Zin.
  4735 | D:4      | Noticed an angel
  4771 | D:4      | Reached skill level 5 in Polearms
  4771 | D:4      | Reached skill level 5 in Armour
  4775 | D:4      | Learned a level 2 spell: Wereblood
  5087 | D:5      | Entered Level 5 of the Dungeon
  5096 | D:5      | Reached skill level 5 in Shields
  5096 | D:5      | Reached XP level 8. HP: 61/61 MP: 12/12
  5113 | D:5      | Slain by an ogre

Illustrated notes

Levels and vault maps discovered:
D:1:      elethiomel_arrival_infinity_welcomes_careful_drivers, layout_rooms
D:2:      layout_basic, ebering_ecumenical_altar_hall
D:3:      layout_basic, mainiacjoe_overflow_alcove_3, serial_shops,
          nicolae_shop_advertising_works [nicolae_subvault_shop_adworks],
          st_stairs_14, grunt_ministairs_1, uniq_grinder, uniq_ijyb
D:4:      layout_loops_ring, nicolae_overflow_hidden_temple,
          nicolae_hepliaklqana_hippocampus, zin_angel,
          kennysheep_okawaru_gauntlet, nemelex_spade_bored_becter, uniq_duvessa
D:5:      layout_basic, minmay_temple_entry_hall, serial_shops, shop,
          uniq_edmund

Skill      XL: |  1  2  3  4  5  6  7 |
---------------+----------------------+-----
Fighting       | 4 |  4.6
Polearms       | 3 4 5 |  5.1
Armour         | 4 5 |  5.1
Spellcasting   | 2 |  2.8
Transmutations | 2 |  2.4
Shields        | 5 |  5.0
Stealth        | |  0.8

Action                   |  1- 3 |  4- 6 |  7- 9 || total
-------------------------+-------+-------+-------++-------
Melee: Trident           |   106 |   104 |    65 ||   275
       Kick              |       |     5 |     8 ||    13
 Cast: Beastly Appendage |     3 |     3 |     3 ||     9
  Use: Potion            |       |     3 |     1 ||     4
       Scroll            |       |       |     6 ||     6
Armor: Scale mail        |    45 |    42 |    25 ||   112
Dodge: Dodged            |    53 |    33 |    23 ||   109
Block: Buckler           |    31 |    24 |    23 ||    78
